 Dungeon Crawl Stone Soup version 0.29-a0-555-g3b24f45cc1 (webtiles) character file.

Game seed: 12884982495126821874

382 ptdevnull the Grave Robber (level 6, -4/65 HPs)
             Began as an Ogre Necromancer on June 8, 2022.
             Was an Initiate of Ashenzari.
             Slain by an ogre
             ... wielding a +0 giant club
              (19 damage)
             ... on level 5 of the Dungeon.
             The game lasted 00:11:18 (5500 turns).

ptdevnull the Grave Robber (Ogre Necromancer)       Turns: 5500, Time: 00:11:18

Health: -4/65      AC:  3    Str: 14 (15) XL:     6   Next: 76%
Magic:  7/13       EV:  9    Int: 16      God:    Ashenzari [......]
Gold:   190        SH:  0    Dex:  9      Spells: 7/14 levels left

rFire   . . .      SeeInvis .   u - +2 short sword "Secrets of the Welkin" {holy, Comp, Alch} (curse)
rCold   . . .      Faith    .   (no shield)
rNeg    . . .      Spirit   .   a - +0 robe
rPois   .          Reflect  .   (helmet restricted)
rElec   .          Harm     .   (no cloak)
rCorr   .          Rampage  .   (gloves unavailable)
Will    .....                   (boots unavailable)
Stlth   +.........              (no amulet)
HPRegen 0.20/turn               (no ring)
MPRegen 0.13/turn               (no ring)

@: no status effects
A: large, unfitting armour, tough skin 1
a: Renounce Religion, Shatter the Chains


You were on level 5 of the Dungeon.
You worshipped Ashenzari.
Ashenzari was noncommittal.
You visited 2 branches of the dungeon, and saw 6 of its levels.

You collected 190 gold pieces.

Inventory:

Hand Weapons
 f - a +0 club
 m - a +0 mace
 u - the cursed +2 short sword "Secrets of the Welkin" (weapon) {holy, Comp, Alch}
   (You took it off a kobold on level 4 of the Dungeon)

   It has been blessed by the Shining One to cause great damage to the undead
   and demons.
   It has a curse which improves the following skills: Companions: Summonings
   and Necromancy.
   Alchemy:   Poison Magic and Transmutations.
Armour
 a - a +0 robe (worn)
Scrolls
 c - 3 scrolls of teleportation
 i - a scroll of fog {unknown}
 j - a scroll of enchant armour {unknown}
 k - a scroll of silence
 n - a scroll of blinking {unknown}
 o - 2 scrolls of vulnerability
 p - a scroll of poison {unknown}
 q - 3 scrolls of identify
 r - a scroll of amnesia {unknown}
 s - a scroll of immolation {unknown}
Potions
 b - 2 potions of magic
 d - 2 potions of cancellation
 e - a potion of degeneration
 g - a potion of flight
 h - a potion of attraction {unknown}
 l - a potion of heal wounds
 t - a potion of lignification {unknown}


   Skills:
 + Level 4.8 Fighting
 - Level 1.7 Dodging
 - Level 1.4 Stealth
 + Level 4.8 Spellcasting
 + Level 5.0(5.4) Necromancy


You had 7 spell levels left.
You knew the following spells:

 Your Spells              Type           Power      Damage    Failure   Level
a - Necrotize             Necr           84%        1d8       1%          1
b - Vampiric Draining     Necr           21%        2d7       4%          3
c - Frozen Ramparts       Ice            6%         1d2       43%         3

Your spell library contained the following spells:

 Spells                   Type           Power      Damage    Failure   Level
 Beastly Appendage        Tmut           8%         N/A       16%         1
 Freeze                   Ice            12%        1d4       16%         1
 Animate Dead             Necr           21%        N/A       16%         4
 Wereblood                Tmut           4%         N/A       22%         2
 Spider Form              Tmut/Pois      4%         N/A       41%         3
 Agony                    Necr           21%        N/A       41%         5
 Gell's Gravitas          Tloc           3%         N/A       43%         3
 Teleport Other           Tloc           3%         N/A       43%         3
 Hailstorm                Conj/Ice       3%         3d3       83%         4
 Ice Form                 Ice/Tmut       3%         N/A       83%         4
 Summon Ice Beast         Ice/Summ       3%         N/A       83%         4
 Dispersal                Tloc           1%         N/A       100%        6


Dungeon Overview and Level Annotations

Branches:
Dungeon (5/15)             Temple (1/1) D:4

Altars:
Ashenzari
Dithmenos
Elyvilon
Fedhas
Gozag
Hepliaklqana
Kikubaaqudgha
Makhleb
Nemelex Xobeh
Okawaru
Sif Muna
Vehumet
Wu Jian
Yredelemnul
Zin

Annotations:
D:2 1 runed translucent door, Crazy Yiuf


Innate Abilities, Weirdness & Mutations

You are too large for most types of armour.
You have tough skin. (AC +1)


Message History

The ogre barely resists.
Unknown command.
Aiming: Necrotize (safe; 1% risk of failure)
Press: ? - help, Q - select action, (/) - cycle Shift-Dir - straight line, f/p - ogre
Aim: an ogre, wielding a +0 giant club (chance to affect: 80%)
The ogre writhes in agony.
Unknown command.
Aiming: Necrotize (safe; 1% risk of failure)
Press: ? - help, Q - select action, (/) - cycle Shift-Dir - straight line, f/p - ogre
Aim: an ogre, wielding a +0 giant club (lightly wounded, chance to affect: 80%)
The ogre barely resists.
Unknown command.
You hit the ogre.
The ogre is lightly wounded.
The ogre hits you with a +0 giant club!!
You hit the ogre.
The ogre is lightly wounded.
You completely miss the ogre.
The ogre is lightly wounded.
The ogre barely misses you.
You hit the ogre.
The ogre is moderately wounded.
The ogre hits you with a +0 giant club!
You puncture the ogre!
The ogre is heavily wounded.
The ogre closely misses you.
You hit the ogre.
The ogre is severely wounded.
You hit the ogre.
The ogre is severely wounded.
The ogre hits you with a +0 giant club!!
* * * LOW HITPOINT WARNING * * *
Casting: Necrotize (safe; 1% risk of failure)
Confirm with . or Enter, or press ? or * to list all spells.
Aiming: Vampiric Draining (dangerous; 4% risk of failure)
Press: ? - help, Shift-Dir - straight line, f/p - ogre
Aim: an ogre, wielding a +0 giant club (severely wounded)
You draw life force from the ogre.
You feel life coursing into your body.
The ogre hits you with a +0 giant club!!
You die...

#.....#
+.....+
#.....#
.....#
#..$.#
+.$..#
#.O..#
##.@..####.
#.........#
#.........#
#.........#
#.<......$#
#......#####
#......#
#......#
#....(.#


You could see an ogre.

Vanquished Creatures
  2 necrophages (D:4)
  2 scorpions (D:4)
  3 gnolls (D:4)
  An adder (D:2)
  3 worms
  2 dart slugs
  3 orcs (D:3)
  4 bats (D:1)
  5 endoplasms
  A giant cockroach (D:2)
  4 goblins
  4 hobgoblins
  6 jackals
  3 quokkas
  7 ball pythons
  2 frilled lizards (D:1)
  10 kobolds
  5 rats
67 creatures vanquished.

Vanquished Creatures (collateral kills)
  An adder (D:3)
  An endoplasm (D:1)
  A rat (D:3)
3 creatures vanquished.

Grand Total: 70 creatures vanquished

Notes
Turn   | Place    | Note
-------+----------+-------------------------------------------
     0 | D:1      | ptdevnull the Ogre Necromancer began the quest for the Orb.
     0 | D:1      | Reached XP level 1. HP: 16/16 MP: 3/3
   165 | D:1      | Reached skill level 1 in Fighting
   165 | D:1      | Reached XP level 2. HP: 24/27 MP: 0/5
   759 | D:1      | Reached XP level 3. HP: 35/35 MP: 5/7
  1166 | D:2      | Reached skill level 4 in Necromancy
  1336 | D:2      | Found a runed translucent door.
  1337 | D:2      | Noticed Crazy Yiuf
  1752 | D:2      | Learned a level 3 spell: Vampiric Draining
  1756 | D:2      | Learned a level 3 spell: Frozen Ramparts
  2283 | D:3      | You fall into a shaft and drop 1 floor!
  2347 | D:4      | Noticed a necrophage
  2347 | D:4      | Noticed a necrophage
  2468 | D:3      | Reached XP level 4. HP: 44/44 MP: 7/9
  3027 | D:3      | Found an iron altar of Okawaru.
  3468 | D:4      | Noticed a scorpion
  3475 | D:4      | Killed a scorpion
  3476 | D:4      | Reached XP level 5. HP: 53/53 MP: 3/11
  3542 | D:4      | Found a staircase to the Ecumenical Temple.
  3552 | Temple   | Entered the Ecumenical Temple
  3820 | Temple   | Became a worshipper of Ashenzari the Shackled
  4639 | D:4      | Reached XP level 6. HP: 20/59 MP: 12/12
  5228 | D:4      | Reached skill level 5 in Necromancy
  5482 | D:5      | Entered Level 5 of the Dungeon
  5500 | D:5      | Slain by an ogre

Illustrated notes

Levels and vault maps discovered:
D:1:      zaba_arrival_water, layout_basic, serial_bayou_crossing
D:2:      layout_loops_corners, uniq_crazy_yiuf_cottage
D:3:      layout_rooms, okawaru_trees_2, nrook_campfire
D:4:      layout_basic, minmay_temple_entry_trees, st_stairs_5,
          minmay_splitting_lines, minivault_11, sigmund_army
D:5:      layout_gridville, marbit_many_paths
Temple:   minmay_temple_curvy_branch

Skill      XL: |  1  2  3  4  5  6 |
---------------+-------------------+-----
Fighting       | 1 2 3 4 |  4.8
Spellcasting   | 3 4 |  4.8
Necromancy     | 4 5 |  5.0
Dodging        | |  1.7
Stealth        | |  1.4

Action                   |  1- 3 |  4- 6 || total
-------------------------+-------+-------++-------
Melee: Unarmed           |     9 |       ||     9
       Club              |     5 |    16 ||    21
       Mace              |       |    35 ||    35
       Punch             |       |     1 ||     1
       Short sword       |       |    17 ||    17
 Cast: Necrotize         |    73 |    80 ||   153
       Vampiric Draining |       |     1 ||     1
Invok: Curse Item        |       |     1 ||     1
  Use: Scroll            |       |     5 ||     5
       Potion            |       |     2 ||     2
 Stab: Sleeping          |     1 |       ||     1
Armor: Robe              |    13 |    14 ||    27
Dodge: Dodged            |    12 |    51 ||    63

Table legend: (Time is in decaauts)
 A = Elapsed time spent in this place.
 B = Non-inter-level travel time spent in this place.
 C = Inter-level travel time spent in this place.
 D = Time resting spent in this place.
 E = Time spent auto-exploring this place.
 F = Levels seen in this place.
 G = Mean time per level.
                   A        B        C        D        E       F      G
               +--------+--------+--------+--------+--------+-----+--------+
         Total |   5543 |   5271 |    272 |   1071 |   3543 |   6 |  923.8 |
       Dungeon |   5019 |   4790 |    229 |    841 |   3302 |   5 | 1003.8 |
        Temple |    523 |    480 |     43 |    230 |    241 |   1 |  523.0 |
               +--------+--------+--------+--------+--------+-----+--------+

Top non-repeatable levels by time:
     D:4: 1629 daAuts
     D:2: 1299 daAuts
     D:1: 1095 daAuts
     D:3: 976 daAuts
  Temple: 523 daAuts
     D:5: 18 daAuts
